 Dungeon Crawl Stone Soup version 0.30-a0-165-g1891117ce2 (webtiles) character file.

Game seed: 1824756485244309546

9 NinjaNoafa the Slasher (level 2, 0/14 (23) HPs)
             Began as a Barachi Reaver on Sept 28, 2022.
             Slain by a hobgoblin (3 damage)
             ... on level 1 of the Dungeon.
             The game lasted 00:00:48 (67 turns).

NinjaNoafa the Slasher (Barachi Reaver)               Turns: 67, Time: 00:00:49

HP:   0/14 (23)     AC:  3    Str: 13    XL:     2   Next: 16%
MP:   3/5           EV: 12    Int: 13    God:
Gold: 0             SH:  0    Dex: 16    Spells: 4/5 levels left

rFire   . . .      SeeInvis .    a - +0 falchion
rCold   . . .      Faith    .    (no shield)
rNeg    . . .      Spirit   .    b - +0 leather armour
rPois   .          Reflect  .    (no helmet)
rElec   .          Harm     .    (no cloak)
rCorr   .          Rampage  .    (no gloves)
Will    .....                    (no boots)
Stlth   +.........               (no amulet)
HPRegen 0.04/turn                d - +6 ring of dexterity
MPRegen 0.09/turn                (no ring)

@: very heavily drained, slow
A: amphibious, slowness 1, strong legs 1, +LOS
a: Hop


You were on level 1 of the Dungeon.
You visited 1 branch of the dungeon, and saw 1 of its levels.

Inventory:

Hand Weapons
 a - a +0 falchion (weapon)
Armour
 b - a +0 leather armour (worn)
Jewellery
 d - a +6 ring of dexterity (left hand)


   Skills:
 + Level 2.7 Fighting
 - Level 3.6 Long Blades
 - Level 2.1 Dodging
 + Level 2.4 Spellcasting
 + Level 3.5 Conjurations


You had 4 spell levels left.
You knew the following spells:

 Your Spells              Type           Power      Damage    Failure   Level
a - Kiss of Death         Conj/Necr      24%        2d7       16%         1

Your spell library contained the following spells:

 Spells                   Type           Power      Damage    Failure   Level
 Momentum Strike          Conj/Tloc      12%        3d8       22%         2
 Hailstorm                Conj/Ice       6%         3d4       41%         3


Dungeon Overview and Level Annotations

Branches:
Dungeon (1/15)

Altars:


Innate Abilities, Weirdness & Mutations

You are amphibious.
You cover ground slowly.
You can hop short distances.
You have an extended range of vision and can be seen from far away.


Message History

Found 11 gold pieces.
The hobgoblin shouts!
A ball python comes into view.
You see here 11 gold pieces.
A ball python comes into view.
The ball python hisses angrily.
You hear a shout!
A hobgoblin comes into view.
Okay, then.
You barely miss the ball python. The ball python completely misses you.
The ball python closely misses you. x3
You slash the ball python!
You kill the ball python!
You have reached level 2!
You slash the hobgoblin!
You kill the hobgoblin!
The ball python closely misses you. x2; The ball python bites you.
* * * LOW HITPOINT WARNING * * *
The ball python barely misses you.
Casting: Kiss of Death (safe; 16% risk of failure)
Confirm with . or Enter, or press ? or * to list all spells.
Aiming: Kiss of Death (safe; 16% risk of failure)
Press: ? - help, Shift-Dir - straight line Out of range.
Okay, then.
You slash the ball python!
You kill the ball python!
You are ready to hop once more.
Casting: Kiss of Death (safe; 16% risk of failure)
Confirm with . or Enter, or press ? or * to list all spells.
Aiming: Kiss of Death (safe; 16% risk of failure)
Press: ? - help, Shift-Dir - straight line, f - hobgoblin
Aim: a hobgoblin (100% to hit)
Okay, then.
You hit the hobgoblin.
The hobgoblin is lightly wounded.
The hobgoblin closely misses you.
You barely miss the hobgoblin.
The hobgoblin is lightly wounded.
The hobgoblin hits you.
You die...

#......#####
...........#
#......###.##########
..#+###.............#
###.#....#.......# .#
#.....###.....###.#
###.#..#.......#..#
#.#.............#
#####.#.....<#..@...#
......#.....###.g.).##.#
......#......#>........#
......#.............#..#
.........#.......#..# .#
......#.###.....###.# #
..$..S...#.......#....
##..#....$...........##
##.#.########..##...#


You could see a hobgoblin.

Vanquished Creatures
  5 ball pythons (D:1)
  A hobgoblin (D:1)
  A quokka (D:1)
  A kobold (D:1)
8 creatures vanquished.

Notes
Turn   | Place    | Note
-------+----------+-------------------------------------------
     0 | D:1      | NinjaNoafa the Barachi Reaver began the quest for the Orb.
     0 | D:1      | Reached XP level 1. HP: 17/17 MP: 3/3
    64 | D:1      | Reached XP level 2. HP: 4/13 MP: 3/5
    67 | D:1      | Slain by a hobgoblin

Illustrated notes

Levels and vault maps discovered:
D:1:      minmay_arrival_five_plusses, layout_basic,
          chequers_ecumenical_altar_simple_redux, minmay_gold_behind_fungi,
          st_stairs_11, chequers_serial_rivers_marsh, minmay_tetromino_t2

Action                   || total
-------------------------++-------
Melee: Falchion          ||    12
 Cast: Kiss of Death     ||     4
 Abil: Hop               ||     1
  Use: Scroll            ||     1
Armor: Leather armour    ||     4
Dodge: Dodged            ||    21

Table legend: (Time is in decaauts)
 A = Elapsed time spent in this place.
 B = Non-inter-level travel time spent in this place.
 C = Inter-level travel time spent in this place.
 D = Time resting spent in this place.
 E = Time spent auto-exploring this place.
 F = Levels seen in this place.
 G = Mean time per level.
                   A        B        C        D        E       F      G
               +--------+--------+--------+--------+--------+-----+--------+
         Total |     77 |     77 |      0 |      0 |     15 |   1 |   77.0 |
       Dungeon |     77 |     77 |      0 |      0 |     15 |   1 |   77.0 |
               +--------+--------+--------+--------+--------+-----+--------+

Top non-repeatable levels by time:
     D:1: 77 daAuts
